 Dungeon Crawl Stone Soup version 0.27.1 (webtiles) character file.

Game seed: 12682724544420105799

392 Atelerd the Stinger (level 6, -6/36 HPs)
             Began as an Octopode Venom Mage on Sept 1, 2021.
             Was an Initiate of Sif Muna.
             Mangled by an ogre (11 damage)
             ... on level 5 of the Dungeon.
             The game lasted 00:09:24 (5929 turns).

Atelerd the Stinger (Octopode Venom Mage)           Turns: 5929, Time: 00:09:25

Health: -6/36      AC: -7    Str:  7    XL:     6   Next: 80%
Magic:  10/13      EV: 13    Int: 20    God:    Sif Muna [......]
Gold:   200        SH:  0    Dex: 12    Spells: 6/14 levels left

rFire    . . .     SeeInvis .   m - +0 dagger (elec)
rCold    . . .     Faith    .   (no shield)
rNeg     . . .     Spirit   .   (helmet restricted)
rPois    .         Reflect  .   (no amulet)
rElec    .         Harm     .   (no ring)
rCorr    .         Rampage  .   (no ring)
Will     .....                  (no ring)
Stlth    ++........             (no ring)
HPRegen  0.12/turn              (no ring)
MPRegen  0.13/turn              (no ring)
                                (no ring)
                                (no ring)

@: confused, corroded
A: almost no armour, amphibious, 8 rings, camouflage 1, gelatinous body 1,
(nimble swimmer 1), tentacles
a: Renounce Religion


You were on level 5 of the Dungeon.
You worshipped Sif Muna.
Sif Muna was noncommittal.
You visited 2 branches of the dungeon, and saw 6 of its levels.

You collected 200 gold pieces.

Inventory:

Hand Weapons
 a - a +0 dagger
 m - a +0 dagger of electrocution (weapon)
Wands
 h - a wand of digging (6)
 j - a wand of polymorph (10)
Scrolls
 f - 2 scrolls of vulnerability {unknown}
 i - a scroll of teleportation {unknown}
 n - a scroll of magic mapping {unknown}
 o - 2 scrolls of identify {unknown}
 r - a scroll of enchant weapon {unknown}
 s - a scroll of fear {unknown}
 t - a scroll of enchant armour {unknown}
Potions
 b - a potion of experience {unknown}
 c - 2 potions of flight {unknown}
 d - 2 potions of curing
 e - a potion of brilliance {unknown}
 g - a potion of mutation {unknown}
 k - 2 potions of lignification {unknown}
 l - 2 potions of degeneration {unknown}
 p - a potion of haste {unknown}
 q - a potion of heal wounds


   Skills:
 - Level 2.0 Dodging
 - Level 4.0 Stealth
 + Level 4.9 Spellcasting
 - Level 3.0 Transmutations
 - Level 5.0 Poison Magic


You had 6 spell levels left.
You knew the following spells:

 Your Spells              Type           Power      Damage    Failure   Level
a - Sting                 Tmut/Pois      80%        1d7       2%          1
b - Mephitic Cloud        Conj/Pois/Air  11%        N/A       19%         3
e - Olgreb's Toxic Radia  Pois           24%        N/A       16%         4

Your spell library contained the following spells:

 Spells                   Type           Power      Damage    Failure   Level
 Poisonous Vapours        Pois/Air       28%        N/A       6%          2
 Ozocubu's Armour         Ice            4%         N/A       34%         3
 Metabolic Englaciation   Hex/Ice        2%         N/A       97%         5
 Simulacrum               Ice/Necr       2%         N/A       100%        6


Dungeon Overview and Level Annotations

Branches:
Dungeon (5/15)             Temple (1/1) D:4

Altars:
Ashenzari
Cheibriados
Kikubaaqudgha
Makhleb
Nemelex Xobeh
Okawaru
Qazlal
Ru
Sif Muna
Trog
Uskayaw
Vehumet
Wu Jian
Yredelemnul
Zin
The Shining One

Annotations:
D:3 exclusion: 2 downstairs


Innate Abilities, Weirdness & Mutations

You cannot wear most types of armour.
You are amphibious.
You can wear up to eight rings at the same time.
Your skin changes colour to match your surroundings (Stealth+).
Your rubbery body absorbs attacks. (AC +1, EV +1)
((You are camouflaged near water. (Stealth+)))
You have tentacles for arms and can constrict up to eight enemies at once.


Message History

You miscast Mephitic Cloud.
You are very lightly contaminated with residual magic.
Nothing appears to happen.
Unknown command.
Unknown command.
Your magical contamination has completely faded away.
You hit the jelly. Lightning courses through the jelly! The acid corrodes you!
Your tentacles burn!
You squeeze the jelly.
The jelly is heavily wounded.
The jelly hits you. The acid corrodes you!
You are splashed with acid!
* * * LOW HITPOINT WARNING * * *
The iguana hisses menacingly.
The jelly misses you.
There is a stone staircase leading down here.
You climb downwards.
The ogre closely misses you.
There is a stone staircase leading up, spattered with blood here.
Casting: Mephitic Cloud (quite dangerous; 19% risk of failure)
Confirm with . or Enter, or press ? or * to list all spells.
The spell is quite dangerous to cast (19% risk of failure)!
Continue anyway?
Aiming: Mephitic Cloud (quite dangerous; 19% risk of failure)
Press: ? - help, Shift-Dir - straight line, f - ogre
Aim: an ogre, wielding a +0 giant club (chance to affect: 77%) That beam is likely to hit you.
Continue anyway?
Okay, then.
Unknown command.
Casting: Mephitic Cloud (quite dangerous; 19% risk of failure)
Confirm with . or Enter, or press ? or * to list all spells.
The spell is quite dangerous to cast (19% risk of failure)!
Continue anyway?
Aiming: Mephitic Cloud (quite dangerous; 19% risk of failure)
Press: ? - help, Shift-Dir - straight line, f/p - ogre
Aim: an ogre, wielding a +0 giant club (chance to affect: 77%) That beam is likely to hit you.
Continue anyway?
The ball explodes into a vile cloud!
The stinking cloud engulfs the ogre but does no damage.
The stinking cloud engulfs you but does no damage.
You are engulfed in noxious fumes.
You choke on the stench!
You are confused.
You hear an angry growl.
The ogre is engulfed in noxious fumes.
The ogre hits you with a +0 giant club!
You die...

....... ...
.....#..=...#
#....##.....#
##$...##.....#
#.....##.....#
#............#
#............#
#...☼@○......#
##..☼O....<..#
#..☼........#
#....##.....#
##....##.....#
#.....'......#
##....#......#
######....########
##.........##.....#


You could see an ogre.

Vanquished Creatures
  A centaur (D:4)
  A scorpion (D:4)
  A water moccasin skeleton (D:4)
  Ijyb (D:3)
  A hound (D:4)
  2 iguanas
  A howler monkey zombie (D:5)
  2 adders
  An adder skeleton (D:4)
  2 dart slugs
  A worm (D:5)
  5 orcs (D:4)
  A bat (D:3)
  3 endoplasms
  5 giant cockroaches
  6 goblins
  4 hobgoblins (D:3)
  2 quokkas (D:3)
  3 ball pythons (D:1)
  A frilled lizard (D:1)
  7 kobolds
  A quokka skeleton (D:4)
  3 rats
55 creatures vanquished.

Vanquished Creatures (others)
  A fungus (D:1)
1 creature vanquished.

Grand Total: 56 creatures vanquished

Notes
Turn   | Place    | Note
-------+----------+-------------------------------------------
     0 | D:1      | Atelerd the Octopode Venom Mage began the quest for the
                  | Orb.
     0 | D:1      | Reached XP level 1. HP: 11/11 MP: 3/3
   448 | D:1      | Reached XP level 2. HP: 11/17 MP: 5/5
  1108 | D:1      | Found a faded altar of an unknown god.
  1286 | D:2      | Found a snail-covered altar of Cheibriados.
  1706 | D:2      | Reached skill level 4 in Poison Magic
  1706 | D:2      | Reached XP level 3. HP: 15/21 MP: 6/6
  1710 | D:2      | Learned a level 3 spell: Mephitic Cloud
  2381 | D:3      | Noticed Ijyb
  2399 | D:3      | Killed Ijyb
  2400 | D:3      | Reached XP level 4. HP: 27/27 MP: 4/8
  2806 | D:4      | Noticed a phantom
  2814 | D:3      | Learned a level 4 spell: Olgreb's Toxic Radiance
  3897 | D:4      | Reached XP level 5. HP: 27/31 MP: 4/9
  4100 | D:4      | Found a staircase to the Ecumenical Temple.
  4159 | D:4      | Noticed a centaur
  4232 | D:4      | Killed a centaur
  4233 | D:4      | Reached skill level 5 in Poison Magic
  4233 | D:4      | Reached XP level 6. HP: 5/36 MP: 0/11
  5027 | D:5      | Entered Level 5 of the Dungeon
  5603 | Temple   | Entered the Ecumenical Temple
  5617 | Temple   | Became a worshipper of Sif Muna the Loreminder
  5929 | D:5      | Mangled by an ogre

Illustrated notes

Levels and vault maps discovered:
D:1:      matt_arrival_diagonals, layout_basic,
          shapermc_ecumenical_altar_mp_urbaneastern
D:2:      layout_basic, basic_altar
D:3:      cheibrodos_old_hovel, layout_loops_cross, uniq_ijyb
D:4:      layout_cave_pools, temple_statues
D:5:      layout_gridville, uniq_menkaure, uniq_duvessa
Temple:   nicolae_temple_elliptical

Skill      XL: |  1  2  3  4  5  6 |
---------------+-------------------+-----
Stealth        | 3 4 |  4.0
Poison Magic   | 4 5 |  5.0
Transmutations | 2 3 |  3.0
Spellcasting   | 3 4 |  4.9
Dodging        | |  2.0

Action                   |  1- 3 |  4- 6 || total
-------------------------+-------+-------++-------
Melee: Dagger            |    59 |    77 ||   136
       Unarmed           |     7 |       ||     7
       Constrict         |    17 |    13 ||    30
       Tentacles         |    12 |    13 ||    25
 Cast: Sting             |    10 |    13 ||    23
       Mephitic Cloud    |     1 |     3 ||     4
       Olgreb's Toxic Ra |       |     5 ||     5
  Use: Potion            |       |     1 ||     1
 Stab: Sleeping          |    11 |     3 ||    14
       Distracted        |     1 |       ||     1
       Confused          |     2 |     1 ||     3
Armor: Skin              |     3 |     5 ||     8
Dodge: Dodged            |    24 |    47 ||    71
